 Dungeon Crawl Stone Soup version 0.29-a0-284-gf9362112df (webtiles) character file.

Game seed: 13272349094966010005

985 siradein the Grave Robber (level 8, 0/79 HPs)
             Began as an Ogre Necromancer on Mar 22, 2022.
             Slain by a centaur (2 damage)
             ... on level 5 of the Dungeon.
             The game lasted 00:14:50 (6301 turns).

siradein the Grave Robber (Ogre Necromancer)        Turns: 6301, Time: 00:14:51

Health: 0/79       AC:  5    Str: 13    XL:     8   Next: 18%
Magic:  0/14       EV: 14    Int: 18    God:
Gold:   206        SH:  0    Dex:  9    Spells: 6/16 levels left

rFire   . . .      SeeInvis .   r - +0 mace
rCold   . . .      Faith    .   t - orb {light}
rNeg    . . .      Spirit   +   a - +0 robe
rPois   .          Reflect  .   (helmet restricted)
rElec   .          Harm     .   c - +1 cloak
rCorr   .          Rampage  .   (gloves unavailable)
Will    .....                   (boots unavailable)
Stlth   +.........              p - amulet of guardian spirit
HPRegen 0.23/turn               k - +4 ring of evasion
MPRegen 0.14/turn               g - ring of wizardry

@: glowing
A: large, unfitting armour, tough skin 1
a: no special abilities


You were on level 5 of the Dungeon.
You visited 1 branch of the dungeon, and saw 5 of its levels.

You collected 206 gold pieces.

Inventory:

Hand Weapons
 r - a +0 mace (weapon)
Missiles
 l - 5 atropa-tipped darts
 v - a throwing net
Armour
 a - a +0 robe (worn)
 c - a +1 cloak (worn)
 t - an orb of light (worn)
Jewellery
 g - a ring of wizardry (right hand)
 k - a +4 ring of evasion (left hand)
 m - a ring of positive energy
 p - an amulet of guardian spirit (around neck)
Scrolls
 d - a scroll of holy word
 h - 3 scrolls of vulnerability {unknown}
 j - a scroll of blinking
 n - 2 scrolls of enchant weapon {unknown}
 o - 2 scrolls of fear {unknown}
 q - a scroll of fog {unknown}
 s - a scroll of teleportation {unknown}
 u - a scroll of torment {unknown}
 w - 2 scrolls of summoning {unknown}
Potions
 b - 3 potions of magic
 e - a potion of mutation {unknown}
 f - 2 potions of curing {unknown}
 i - 4 potions of heal wounds {unknown}
 x - a potion of degeneration {unknown}


   Skills:
 + Level 4.5 Fighting
 + Level 2.8 Maces & Flails
 + Level 3.6 Dodging
 - Level 1.4 Stealth
 + Level 4.6 Spellcasting
 * Level 5.9 Necromancy
 + Level 2.0 Translocations


You had 6 spell levels left.
You knew the following spells:

 Your Spells              Type           Power      Damage    Failure   Level
a - Vampiric Draining     Necr           25%        2d7       1%          3
b - Animate Dead          Necr           12%        N/A       4%          4
c - Pain                  Necr           100%       1d9       1%          1
d - Blink                 Tloc           22%        N/A       3%          2

Your spell library contained the following spells:

 Spells                   Type           Power      Damage    Failure   Level
 Animate Skeleton         Necr           50%        N/A       1%          1
 Lesser Beckoning         Tloc           11%        N/A       8%          3
 Agony                    Necr           25%        N/A       13%         5
 Ignite Poison            Fire/Tmut/Pois 4%         N/A       16%         3
 Mephitic Cloud           Conj/Pois/Air  4%         N/A       16%         3
 Stone Arrow              Conj/Erth      8%         3d7       16%         3
 Passage of Golubria      Tloc           11%        N/A       24%         4
 Animate Armour           Summ/Erth      8%         N/A       45%         4
 Manifold Assault         Tloc           11%        N/A       52%         5
 Freezing Cloud           Conj/Ice/Air   2%         6-21      80%         5
 Silence                  Hex/Air        2%         N/A       80%         5
 Lehudib's Crystal Spear  Conj/Erth      2%         10d2      100%        8


Dungeon Overview and Level Annotations

Branches:
Dungeon (5/15)
 Temple: D:4-7

Altars:
Qazlal


Innate Abilities, Weirdness & Mutations

You are too large for most types of armour.
You have tough skin. (AC +1)


Message History

The hound closely misses you.
The iguana hisses menacingly.
Your Translocations skill increases to level 2!
You hit the hound.
The hound is moderately wounded.
The hound bites you but does no damage.
The howler monkey hoots and howls with incredible vigour!
The hound bites you.
* * * LOW HITPOINT WARNING * * *
You hit the hound but do no damage.
The hound is moderately wounded.
The hound barely misses you.
The howler monkey hoots and howls with incredible vigour!
The hound bites you but does no damage.
You barely miss the hound.
The hound is moderately wounded.
The hound barely misses you. The hound misses you.
You barely miss the hound.
The hound is moderately wounded.
The hound bites you but does no damage. The hound closely misses you.
You hit the hound.
The hound is heavily wounded.
The hound bites you.
* * * LOW HITPOINT WARNING * * *
You hit the hound.
The hound is severely wounded.
The hound bites you but does no damage.
The iguana hisses menacingly.
The hound barely misses you.
You hit the hound.
You kill the hound!
The centaur shoots an arrow.
The arrow hits you!
* * * LOW HITPOINT WARNING * * *
The centaur shoots an arrow.
The arrow closely misses you.
The centaur unwields a +0 shortbow.
The centaur hits you.
* * * LOW HITPOINT WARNING * * *
The centaur kicks you.
* * * LOW HITPOINT WARNING * * *
The centaur hits you.
You die...

###.......### #####.
###.#......... ...#
#............. ....
##..########## ... #..## ...
..## #.# . . .## #.###... ##
######################.....#
#
................@chhl..###.#
#
######################†....#
#..#...# #### ....[ ..#. ...
.. .


You could see a centaur, a howler monkey, an iguana and a hound.

Vanquished Creatures
  A water moccasin (D:5)
  A phantom (D:5)
  A centaur (D:5)
  Blork the orc (D:5)
  A necrophage (D:4)
  4 scorpions (D:5)
  4 hounds
  2 iguanas
  3 gnolls (D:4)
  7 adders
  A white imp (D:5)
  3 worms (D:2)
  A dart slug (D:2)
  2 orcs
  5 endoplasms
  A giant cockroach (D:1)
  8 goblins
  5 hobgoblins
  15 jackals
  5 quokkas
  8 ball pythons
  3 bats
  A frilled lizard (D:1)
  5 kobolds
  2 rats
90 creatures vanquished.

Notes
Turn   | Place    | Note
-------+----------+-------------------------------------------
     0 | D:1      | siradein the Ogre Necromancer began the quest for the Orb.
     0 | D:1      | Reached XP level 1. HP: 16/16 MP: 3/3
   560 | D:1      | Reached XP level 2. HP: 18/26 MP: 5/5
  1171 | D:1      | Reached skill level 1 in Fighting
  1353 | D:2      | Found a stormy altar of Qazlal.
  1490 | D:2      | Reached XP level 3. HP: 21/33 MP: 7/7
  1494 | D:2      | Learned a level 3 spell: Vampiric Draining
  1957 | D:2      | Reached skill level 4 in Necromancy
  2518 | D:2      | Reached XP level 4. HP: 20/42 MP: 4/8
  2933 | D:2      | Reached skill level 1 in Maces & Flails
  3762 | D:3      | Reached XP level 5. HP: 48/49 MP: 2/9
  3767 | D:3      | Learned a level 4 spell: Animate Dead
  4136 | D:3      | Identified the +1 chain mail of Antique Creativity {*Slow
                  | Fly rN+++ Dex-5}
  4781 | D:4      | Reached XP level 6. HP: 54/59 MP: 1/11
  5415 | D:5      | Entered Level 5 of the Dungeon
  5419 | D:5      | Learned a level 2 spell: Blink
  5438 | D:5      | Reached skill level 5 in Necromancy
  5600 | D:5      | Noticed Blork the orc
  5627 | D:5      | Reached XP level 7. HP: 57/67 MP: 10/12
  5714 | D:5      | Reached skill level 1 in Translocations
  5857 | D:5      | Killed Blork the orc
  6266 | D:5      | Reached XP level 8. HP: 58/79 MP: 1/14
  6301 | D:5      | HP: 2/79 [centaur (2)]
  6301 | D:5      | Slain by a centaur

Illustrated notes

Levels and vault maps discovered:
D:1:      evilmike_arrival_fibonacci_small, layout_loops_ring
D:2:      layout_loops_corners, basic_altar
D:3:      layout_loops_ring
D:4:      layout_gridville, serial_glass, glass_columns_a, glass_columns_a,
          glass_columns_a, glass_columns_b, glass_columns_a, glass_columns_b,
          feat_on_display, feat_on_display, minmay_strange_pillars,
          item_on_display_a, amethyst_killhole, minmay_misc_feat_columns,
          serial_bayou_pond_d
D:5:      layout_rooms, minmay_bent, uniq_blork_the_orc

Skill      XL: |  1  2  3  4  5  6  7  8 |
---------------+-------------------------+-----
Dodging        | 2 3 |  3.6
Fighting       | 1 2 3 4 |  4.5
Necromancy     | 4 5 |  5.9
Spellcasting   | 3 4 |  4.6
Maces & Flails | 1 2 |  2.8
Translocations | 1 2 |  2.0
Stealth        | |  1.4

Action                   |  1- 3 |  4- 6 |  7- 9 || total
-------------------------+-------+-------+-------++-------
Melee: Whip              |    21 |       |       ||    21
       Club              |    10 |       |       ||    10
       Unarmed           |     4 |       |       ||     4
       Spear             |   152 |   126 |       ||   278
       Punch             |     1 |     1 |       ||     2
       Mace              |       |    44 |   104 ||   148
 Cast: Pain              |     2 |     2 |       ||     4
       Vampiric Draining |     2 |    18 |    15 ||    35
  Use: Scroll            |       |     3 |       ||     3
 Stab: Sleeping          |     3 |     3 |       ||     6
Armor: Robe              |    70 |    42 |    48 ||   160
Dodge: Dodged            |    91 |   149 |   128 ||   368

Table legend: (Time is in decaauts)
 A = Elapsed time spent in this place.
 B = Non-inter-level travel time spent in this place.
 C = Inter-level travel time spent in this place.
 D = Time resting spent in this place.
 E = Time spent auto-exploring this place.
 F = Levels seen in this place.
 G = Mean time per level.
                   A        B        C        D        E       F      G
               +--------+--------+--------+--------+--------+-----+--------+
         Total |   6372 |   6257 |    115 |     72 |   5128 |   5 | 1274.4 |
       Dungeon |   6372 |   6257 |    115 |     72 |   5128 |   5 | 1274.4 |
               +--------+--------+--------+--------+--------+-----+--------+

Top non-repeatable levels by time:
     D:2: 2111 daAuts
     D:1: 1323 daAuts
     D:3: 1046 daAuts
     D:4: 970 daAuts
     D:5: 920 daAuts
